 Dungeon Crawl Stone Soup version 0.24.0-37-gcf1ca852f1 (webtiles) character file.

Game seed: 2094771792143158053, levelgen mode: deterministic

46154 Emblim88 the Prestidigitator (level 14, -2/108 HPs)
             Began as a Gnoll Artificer on Nov 26, 2019.
             Was the Champion of Qazlal.
             Slain by a sixfirhy (6 damage)
             ... summoned by an orc sorcerer
             ... while paralysed by an orc sorcerer
             ... on level 2 of the Orcish Mines.
             The game lasted 01:35:36 (19417 turns).

Emblim88 the Prestidigitator (Gnoll Artificer)     Turns: 19417, Time: 01:35:37

Health: -2/108     AC: 25    Str: 16    XL:     14   Next: 36%
Magic:  24/24      EV:  2    Int: 12    God:    Qazlal [******]
Gold:   1497       SH:  0    Dex: 22    Spells: 21/31 levels left

rFire    + . .     SeeInvis +   h - +6 mace of Defence {crush, *Noise +Fly rPois Dex+5}
rCold    + . .     Gourm    .   s - +0 buckler
rNeg     . . .     Faith    .   D - +14 chain mail of Omission {rF+ MR+ Str-2}
rPois    +         Spirit   .   (helmet restricted)
rElec    .         Reflect  .   (no cloak)
rCorr    .         Harm     .   (no gloves)
MR       ++...     Rnd*Rage +   (no boots)
Stlth    +.........             (no amulet)
HPRegen  0.28/turn              y - +3 ring of evasion
MPRegen  0.19/turn              n - ring of see invisible

@: paralysed, about to teleport, protected from cold, repel missiles
A: distributed training, claws 1, fangs 1, horns 1, berserk 1, dopey 1, low mp
1, strong nose
a: Upheaval, Elemental Force, Disaster Area, Renounce Religion, Evoke Flight


You were on level 2 of the Orcish Mines.
You worshipped Qazlal.
Qazlal was exalted by your worship.
You were not hungry.

You visited 3 branches of the dungeon, and saw 16 of its levels.
You also visited: Bailey.

You collected 2140 gold pieces.
You spent 643 gold pieces at shops.

Inventory:

Hand Weapons
 e - a +0 shortbow of flaming
 h - the +6 mace of Defence (weapon) {crush, *Noise +Fly rPois Dex+5}
   (You found it on level 11 of the Dungeon)

   It inflicts extra damage upon your enemies.
   It affects your dexterity (+5).
   It protects you from poison.
   It lets you fly.
   It may make noises in combat.
 S - a +2 great sword of holy wrath
Missiles
 E - 265 arrows
 J - 50 poisoned darts (quivered)
Armour
 s - a +0 buckler (worn)
 D - the +14 chain mail of Omission (worn) {rF+ MR+ Str-2}
   (You found it on level 4 of the Dungeon)

   It affects your strength (-2).
   It protects you from fire.
   It affects your resistance to hostile enchantments.
 K - a +2 helmet
Jewellery
 j - a +2 ring of evasion
 k - an uncursed ring of flight
 n - a ring of see invisible (right claw)
 o - an uncursed ring of wizardry
 t - a +2 ring of protection
 u - an uncursed ring of poison resistance
 y - a +3 ring of evasion (left claw)
 B - an uncursed amulet of the acrobat
 G - an uncursed ring of magical power
 I - an uncursed ring of magical power
Wands
 d - a wand of enslavement (15)
 z - a wand of polymorph (31)
 A - a wand of clouds (1)
 Q - a wand of iceblast (6)
Scrolls
 b - 2 scrolls of blinking
 g - 2 scrolls of holy word
 i - 3 scrolls of magic mapping
 l - 5 scrolls of immolation
 m - 4 scrolls of identify
 p - 3 scrolls of fog
 r - 2 scrolls of amnesia
 v - 5 scrolls of remove curse
 x - 2 scrolls of silence
 L - a scroll of enchant weapon
 M - 4 scrolls of enchant armour
Potions
 c - 5 potions of agility
 w - 5 potions of lignification
 C - 3 potions of resistance
Miscellaneous
 a - a fan of gales (inert)
Comestibles
 f - 13 rations


   Skills:
 + Level 9.4 Fighting
 + Level 9.4 Short Blades
 + Level 9.0 Long Blades
 + Level 9.0 Axes
 + Level 9.0 Maces & Flails
 + Level 9.0 Polearms
 + Level 9.0 Staves
 + Level 9.0 Slings
 + Level 9.0 Bows
 + Level 9.0 Crossbows
 + Level 9.0 Throwing
 + Level 9.0 Armour
 + Level 10.1 Dodging
 + Level 9.3 Stealth
 + Level 9.0 Shields
 + Level 9.0 Unarmed Combat
 + Level 9.0 Spellcasting
 + Level 7.5 Conjurations
 + Level 7.5 Hexes
 + Level 7.5 Charms
 + Level 7.5 Summonings
 + Level 7.5 Necromancy
 + Level 7.5 Translocations
 + Level 7.5 Transmutations
 + Level 7.5 Fire Magic
 + Level 7.5 Ice Magic
 + Level 7.5 Air Magic
 + Level 7.5 Earth Magic
 + Level 7.5 Poison Magic
 + Level 9.8 Invocations
 + Level 11.0 Evocations


You had 21 spell levels left.
You knew the following spells:

 Your Spells              Type           Power        Failure   Level  Hunger
a - Beastly Appendage     Tmut           ###...       7%          1    None
b - Shroud of Golubria    Chrm/Tloc      ###...       11%         2    None
c - Spectral Weapon       Hex/Chrm       ###.....     21%         3    ##.....
d - Regeneration          Chrm/Necr      ###.......   21%         3    ##.....
e - Infusion              Chrm           ###.         7%          1    None

Your spell library contained the following spells:

 Spells                   Type           Power        Failure   Level  Hunger
 Magic Dart               Conj           ###.         7%          1    None
 Searing Ray              Conj           ###...       11%         2    None
 Song of Slaying          Chrm           ###.....     11%         2    None
 Sticks to Snakes         Tmut           ###.....     11%         2    None
 Dazzling Spray           Conj/Hex       ###...       21%         3    ##.....
 Spider Form              Tmut/Pois      ###.......   21%         3    ##.....
 Force Lance              Conj/Tloc      ###.....     56%         4    ####...
 Fulminant Prism          Conj/Hex       ###.......   56%         4    ####...
 Ice Form                 Ice/Tmut       ###.....     56%         4    ####...
 Iskenderun's Mystic Bla  Conj           ###.....     56%         4    ####...
 Blade Hands              Tmut           ###.......   88%         5    #####..


Dungeon Overview and Level Annotations

Branches:
Dungeon (13/15)            Temple (1/1) D:6            Lair (0/6) D:8
    Orc (2/2) D:12            Elf (0/3) Orc:2        Vaults (0/5) D:13
 Bailey (visited)

Altars:
Ashenzari
Cheibriados
Dithmenos
Elyvilon
Fedhas
Gozag
Hepliaklqana
Kikubaaqudgha
Makhleb
Nemelex Xobeh
Okawaru
Qazlal
Sif Muna
Trog
Uskayaw
Vehumet
Wu Jian
Xom
Yredelemnul
Zin
The Shining One
Beogh

Shops:
D:5 =   D:13 }   Orc:2 ?![}

Portals:
Pandemonium: Orc:2
Trove: D:12 (give +2 gold dragon scales)

Annotations:
D:3 2 transporters
D:4 3 runed translucent doors, H0rd4k's ghost, amateur DEWz
D:5 Duvessa


Innate Abilities, Weirdness & Mutations

Your experience applies equally to all skills.
You have very sharp teeth.
Your uncanny sense of smell can sniff out nearby items.
You have sharp fingernails.
You have a pair of small horns on your head.
You tend to lose your temper in combat.
You are dopey. (Int -2)
Your magical capacity is low. (-10% MP)


Message History

The orc sorcerer gestures at you while chanting.
The bolt of negative energy is repelled.
The bolt of negative energy hits the ice devil.
The ice devil completely resists.
The orc sorcerer hits you but does no damage.
You thump the orc sorcerer! Your bite misses the orc sorcerer.
The orc sorcerer is heavily wounded.
The sixfirhy completely misses you. The sixfirhy hits you.
The sixfirhy shocks you! The sixfirhy misses you. The ice devil hits you.
The ice devil freezes you!!
Your resistance to fire fades away.
You feel protected from cold.
* * * LOW HITPOINT WARNING * * *
The orc sorcerer casts a spell.
The orc sorcerer casts a spell at you.
You suddenly lose the ability to move!
The sixfirhy hits you.
* * * LOW HITPOINT WARNING * * *
The sixfirhy shocks you!
* * * LOW HITPOINT WARNING * * *
The sixfirhy hits you.
You die...

....#...###).###.#.#.##
.......###..###...#...## ### ###
......###..###...###...###.####.#
.....###..###...##.##...###.##...
....###........##...##...###.##..
...###....#...##..#..##...###..#.
..###...#...)##.)###..##)#.###...
.###∩.#.....##○o#∩.##...)...###..
###.....#..##.(3@3.∩##.#)....###.
.###∩.#.....##○o#4.##...)...###..
..###...#....##..###..##.#.###...
...###....#[..##. #.)##..)###..#.
....###[.......##...##)..###.....
..#..###))###..)##.##)..###......
......###..###)..###)).###.......
.......###[.###..)#)))###........
........###..###.#.#.###.........


You could see an ice devil, 2 sixfirhies and 2 orc sorcerers.

Vanquished Creatures
  Rupert (D:12)
  Frances (D:13)
  Gastronok (D:7)
  Harold (D:10)
  Fannar (D:10)
  6 two-headed ogres
  3 centaur warriors
  5 orc high priests (Orc:2)
  A skeletal warrior (D:13)
  An unseen horror (D:10)
  A gelid demonspawn (Orc:2)
  A torturous demonspawn (Orc:2)
  5 orc knights
  A deep elf mage (D:12)
  An ugly thing (D:13)
  5 orc sorcerers (Orc:2)
  Joseph (D:8)
  2 orange demons (Orc:2)
  2 kobold demonologists
  2 red devils (Orc:2)
  6 trolls
  A hornet (D:9)
  4 slime creatures (D:13)
  A shadow (D:12)
  A spriggan (shapeshifter) (D:13)
  6 humans
  20 yaks
  A neqoxec (Orc:2)
  3 basilisks
  A chaos spawn (Orc:2)
  2 hungry ghosts
  2 wargs (Orc:1)
  Grum (D:10)
  Edmund (D:4)
  An acid dragon (D:13)
  A soldier ant (D:12)
  4 porcupines (D:8)
  2 water moccasins (D:9)
  4 sky beasts
  2 black bears (D:7)
  35 orc warriors
  2 ice beasts
  5 phantoms
  14 centaurs
  9 ogres
  A necrophage (D:10)
  3 wolves
  4 crocodiles
  6 big kobolds
  8 bullfrogs
  A gnoll sergeant (D:7)
  A wyvern skeleton (D:13)
  5 scorpions
  Dowan (D:5)
  3 killer bees
  2 howler monkeys
  9 wights
  A bullfrog zombie (D:12)
  6 crimson imps
  4 hounds
  3 jellies
  A quasit (D:5)
  A human zombie (D:4)
  4 centaur zombies
  23 orc priests
  22 orc wizards
  3 bullfrog skeletons
  4 centaur skeletons
  3 iguanas
  11 worker ants
  A worker ant zombie (D:11)
  15 adders
  10 gnolls
  2 shadow imps
  An adder zombie (D:9)
  An adder skeleton (D:6)
  5 worms
  3 dart slugs
  3 leopard geckos
  91 orcs
  2 ball pythons
  5 bats
  7 giant cockroaches
  12 goblins
  12 hobgoblins
  10 jackals
  46 kobolds
  9 quokkas
  2 frilled lizards
  A jackal skeleton (D:4)
  10 rats
549 creatures vanquished.

Vanquished Creatures (others)
  An orc knight (D:13)
  2 centaur skeletons (D:13)
  A killer bee (D:12)
  2 kobolds (D:13)
  A bush (D:8)
  3 fungi (D:8)
  2 plants (D:8)
12 creatures vanquished.

Grand Total: 561 creatures vanquished

Notes
Turn   | Place    | Note
-------+----------+-------------------------------------------
     0 | D:1      | Emblim88 the Gnoll Artificer began the quest for the Orb.
     0 | D:1      | Reached XP level 1. HP: 17/17 MP: 4/4
   119 | D:1      | Reached XP level 2. HP: 18/23 MP: 6/6
   819 | D:2      | Reached XP level 3. HP: 28/28 MP: 7/7
   870 | D:2      | Reached skill level 1 in Invocations
   931 | D:2      | Reached skill level 1 in Long Blades
   931 | D:2      | Reached skill level 1 in Axes
   931 | D:2      | Reached skill level 1 in Maces & Flails
   931 | D:2      | Reached skill level 1 in Polearms
   931 | D:2      | Reached skill level 1 in Staves
   931 | D:2      | Reached skill level 1 in Slings
   931 | D:2      | Reached skill level 1 in Bows
   931 | D:2      | Reached skill level 1 in Crossbows
   931 | D:2      | Reached skill level 1 in Throwing
   931 | D:2      | Reached skill level 1 in Armour
   931 | D:2      | Reached skill level 1 in Shields
   931 | D:2      | Reached skill level 1 in Unarmed Combat
   931 | D:2      | Reached skill level 1 in Spellcasting
   945 | D:2      | Reached XP level 4. HP: 19/34 MP: 8/8
  1517 | D:2      | Found a stormy altar of Qazlal.
  1527 | D:2      | Became a worshipper of Qazlal Stormbringer
  1843 | D:3      | Reached skill level 1 in Conjurations
  1843 | D:3      | Reached skill level 1 in Hexes
  1843 | D:3      | Reached skill level 1 in Charms
  1843 | D:3      | Reached skill level 1 in Summonings
  1843 | D:3      | Reached skill level 1 in Necromancy
  1843 | D:3      | Reached skill level 1 in Translocations
  1843 | D:3      | Reached skill level 1 in Transmutations
  1843 | D:3      | Reached skill level 1 in Fire Magic
  1843 | D:3      | Reached skill level 1 in Ice Magic
  1843 | D:3      | Reached skill level 1 in Air Magic
  1843 | D:3      | Reached skill level 1 in Earth Magic
  1843 | D:3      | Reached skill level 1 in Poison Magic
  2065 | D:3      | Reached XP level 5. HP: 40/40 MP: 9/9
  2553 | D:3      | Found a transporter.
  2599 | D:3      | Found a transporter.
  2635 | D:3      | Reached * piety under Qazlal
  3075 | D:4      | Found a large runed translucent door.
  3076 | D:4      | Found a large runed translucent door.
  3080 | D:4      | Noticed H0rd4k's ghost (amateur DEWz)
  3115 | D:4      | Reached XP level 6. HP: 47/47 MP: 11/11
  3176 | D:4      | Got a spiked chain mail
  3187 | D:4      | Identified the +14 chain mail of Omission {rF+ MR+ Str-2}
                  | (You found it on level 4 of the Dungeon)
  3234 | D:4      | Found a runed translucent door.
  3234 | D:4      | Noticed a human
  3273 | D:4      | Reached skill level 5 in Dodging
  3294 | D:4      | Reached XP level 7. HP: 25/52 MP: 12/12
  3362 | D:4      | Reached skill level 7 in Evocations
  3434 | D:4      | Noticed Edmund
  3459 | D:4      | Killed Edmund
  3515 | D:4      | Found a basalt altar of Yredelemnul.
  3573 | D:4      | You fall into a shaft and drop 3 floors!
  3603 | D:6      | Reached ** piety under Qazlal
  3635 | D:6      | Reached XP level 8. HP: 39/60 MP: 13/13
  3637 | D:6      | Found a staircase to the Ecumenical Temple.
  5468 | D:6      | Reached XP level 9. HP: 22/66 MP: 14/14
  5587 | Temple   | Entered the Ecumenical Temple
  5907 | D:5      | Entered Level 5 of the Dungeon
  6050 | D:5      | Found a shadowy altar of Dithmenos.
  6433 | D:4      | Found a burning altar of Makhleb.
  6494 | D:5      | Found a hide-covered altar of Uskayaw.
  6595 | D:5      | Found a bloodstained altar of Trog.
  6636 | D:5      | Found Ithimon's Jewellery Emporium.
  6657 | D:5      | Noticed Dowan
  6657 | D:5      | Noticed Duvessa
  6672 | D:5      | Killed Dowan
  6672 | D:5      | Reached *** piety under Qazlal
  6693 | D:5      | Reached skill level 5 in Fighting
  6693 | D:5      | Reached skill level 5 in Short Blades
  6931 | D:6      | Reached skill level 5 in Stealth
  7000 | D:6      | Reached skill level 8 in Evocations
  7669 | D:7      | Reached skill level 5 in Invocations
  7682 | D:7      | Reached XP level 10. HP: 74/74 MP: 15/17
  7834 | D:7      | Found an opulent altar of Gozag.
  8173 | D:7      | Found an ancient bone altar of Kikubaaqudgha.
  8313 | D:8      | Noticed Gastronok
  8334 | D:7      | Killed Gastronok
  8334 | D:7      | Reached skill level 5 in Long Blades
  8334 | D:7      | Reached skill level 5 in Axes
  8334 | D:7      | Reached skill level 5 in Maces & Flails
  8334 | D:7      | Reached skill level 5 in Polearms
  8334 | D:7      | Reached skill level 5 in Staves
  8334 | D:7      | Reached skill level 5 in Slings
  8334 | D:7      | Reached skill level 5 in Bows
  8334 | D:7      | Reached skill level 5 in Crossbows
  8334 | D:7      | Reached skill level 5 in Throwing
  8334 | D:7      | Reached skill level 5 in Armour
  8334 | D:7      | Reached skill level 5 in Shields
  8334 | D:7      | Reached skill level 5 in Unarmed Combat
  8334 | D:7      | Reached skill level 5 in Spellcasting
  8536 | D:8      | Noticed Joseph
  8538 | D:8      | Found a staircase to the Lair.
  8551 | D:8      | Reached XP level 11. HP: 33/82 MP: 19/19
  8553 | D:8      | Gained mutation: Scrolls take you a little longer to read.
                  | [potion of mutation]
  8553 | D:8      | Gained mutation: Your magical capacity is low. (-10% MP)
                  | [potion of mutation]
  8553 | D:8      | Gained mutation: You expend magic power (3 MP) to
                  | strengthen your wands. [potion of mutation]
  8553 | D:8      | Gained mutation: You have sharp fingernails. [potion of
                  | mutation]
  8605 | D:8      | Killed Joseph
  8605 | D:8      | Reached **** piety under Qazlal
  8825 | D:8      | Found a glowing silver altar of Zin.
  8826 | D:8      | Noticed an angel
  8827 | D:8      | Found a shimmering altar of Xom.
  9197 | D:9      | Reached skill level 9 in Evocations
  9201 | D:9      | Reached skill level 5 in Conjurations
  9201 | D:9      | Reached skill level 5 in Hexes
  9201 | D:9      | Reached skill level 5 in Charms
  9201 | D:9      | Reached skill level 5 in Summonings
  9201 | D:9      | Reached skill level 5 in Necromancy
  9201 | D:9      | Reached skill level 5 in Translocations
  9201 | D:9      | Reached skill level 5 in Transmutations
  9201 | D:9      | Reached skill level 5 in Fire Magic
  9201 | D:9      | Reached skill level 5 in Ice Magic
  9201 | D:9      | Reached skill level 5 in Air Magic
  9201 | D:9      | Reached skill level 5 in Earth Magic
  9201 | D:9      | Reached skill level 5 in Poison Magic
  9476 | D:9      | Noticed a two-headed ogre
  9485 | D:9      | Killed a two-headed ogre
  9861 | D:9      | Noticed a two-headed ogre
  9877 | D:9      | Killed a two-headed ogre
 10208 | D:9      | Found a shadowy altar of Dithmenos.
 10235 | D:10     | Entered Level 10 of the Dungeon
 10254 | D:10     | Noticed Grum
 10260 | D:10     | Killed Grum
 10261 | D:10     | Noticed a two-headed ogre
 10269 | D:10     | Reached ***** piety under Qazlal
 10328 | D:9      | Killed a two-headed ogre
 10470 | D:10     | Noticed Harold
 10493 | D:10     | Killed Harold
 10493 | D:10     | Reached XP level 12. HP: 90/91 MP: 17/19
 10895 | D:10     | Noticed Fannar
 10919 | D:10     | Killed Fannar
 11096 | D:10     | Learned a level 1 spell: Beastly Appendage
 11099 | D:10     | Learned a level 2 spell: Shroud of Golubria
 11127 | D:10     | Learned a level 3 spell: Spectral Weapon
 11131 | D:10     | Learned a level 3 spell: Regeneration
 11466 | D:10     | Learned a level 1 spell: Infusion
 11468 | D:11     | Noticed a centaur warrior
 11477 | D:11     | Killed a centaur warrior
 11817 | D:5      | Bought a +6 amulet of reflection for 643 gold pieces
 11999 | D:11     | Noticed a two-headed ogre
 12002 | D:11     | Killed a two-headed ogre
 12292 | D:11     | Got a smoking mace
 12293 | D:11     | Identified the +6 mace of Defence {crush, *Noise +Fly rPois
                  | Dex+5} (You found it on level 11 of the Dungeon)
 13191 | D:12     | Reached skill level 10 in Evocations
 13324 | D:12     | Noticed Rupert
 13335 | D:12     | Killed Rupert
 13335 | D:12     | Reached XP level 13. HP: 98/98 MP: 22/22
 13341 | D:12     | Found a staircase to the Orcish Mines.
 13362 | D:12     | Found a roughly hewn altar of Beogh.
 13616 | D:12     | Found a portal to a secret trove of treasure.
 14093 | D:13     | Found Zucwa's Gadget Shoppe.
 14507 | D:13     | Found a flagged portal.
 14513 | D:13     | Noticed Frances
 14519 | Bailey   | Entered a bailey
 14524 | Bailey   | Noticed an orc warlord
 14594 | Bailey   | Found a runed translucent gate.
 14594 | Bailey   | Found a runed translucent gate.
 14594 | Bailey   | Found a runed translucent gate.
 14844 | D:13     | Lost mutation: Scrolls take you a little longer to read.
                  | [potion of mutation]
 14844 | D:13     | Lost mutation: You expend magic power (3 MP) to strengthen
                  | your wands. [potion of mutation]
 14844 | D:13     | Gained mutation: You are dopey. (Int -2) [potion of
                  | mutation]
 14844 | D:13     | Gained mutation: You have a pair of small horns on your
                  | head. [potion of mutation]
 14986 | D:13     | Killed Frances
 15207 | D:13     | Found a gate to the Vaults.
 15359 | Orc:1    | Entered Level 1 of the Orcish Mines
 15405 | Orc:1    | Reached ****** piety under Qazlal
 15741 | Orc:2    | Entered Level 2 of the Orcish Mines
 16862 | Orc:2    | Found a staircase to the Elven Halls.
 17798 | Orc:2    | Found Onuget's Distillery.
 17859 | Orc:2    | Found Xocoggile's Magic Scroll Shop.
 17956 | Orc:2    | Reached XP level 14. HP: 92/108 MP: 23/23
 18435 | Orc:2    | Gained mutation: You tend to lose your temper in combat. [a
                  | neqoxec]
 18757 | Orc:2    | Paralysed by an orc sorcerer for 2 turns
 18775 | Orc:2    | Reached skill level 10 in Dodging
 19043 | Orc:2    | Reached skill level 11 in Evocations
 19405 | Orc:2    | Found Husesui's Antique Armour Shoppe.
 19405 | Orc:2    | Found a one-way gate leading to the halls of Pandemonium.
 19405 | Orc:2    | Found Xeippone's Gadget Emporium.
 19416 | Orc:2    | Paralysed by an orc sorcerer for 6 turns
 19416 | Orc:2    | HP: 3/108 [sixfirhy[an orc sorcerer] (12)]
 19417 | Orc:2    | Slain by a sixfirhy

Levels and vault maps discovered:
D:1:      evilmike_arrival_rings, layout_loops_ring, minmay_misc_feat_roman
D:2:      layout_loops_ring, nicolae_overflow_hidden_temple, grunt_qazlal_clouds
D:3:      gammafunk_wand_slinger, layout_loops_ring, first_ration
D:4:      layout_cave_pools, makhleb_grotto_becter, ebering_ghost_disaster_area,
          dk_yredelemnul_ordeal, uniq_edmund
D:5:      layout_loops_ring, nicolae_overflow_crystal_walls,
          eat_drink_and_be_merry_uskayaw, serial_shops, shop_statue,
          grunt_dithmenos_shadows, uniq_duvessa
D:6:      layout_basic, minmay_temple_entry_stoned_glass
D:7:      layout_cave_pods, kiku_gazebo_garden_becter,
          nicolae_gozag_seed_capital, minmay_ruffians
D:8:      layout_loops_ring, grunt_temple_overflow_order_and_chaos_1,
          minmay_lair_entry_grove, uniq_gastronok, uniq_joseph
D:9:      layout_roguey, kennysheep_little_box
D:10:     layout_irregular_city, uniq_fannar, uniq_grum, uniq_harold
D:11:     layout_loops_ring, grunt_pizzeria
D:12:     layout_loops_ring, minmay_orc_entry_temple_small, enter_trove_6,
          uniq_rupert
D:13:     layout_gridville, hangedman_vaults_entry_quadrant_bands,
          enter_bailey_6, serial_shops, shop, uniq_frances
Temple:   hc_temple_tempest_star
Orc:1:    layout_caves
Orc:2:    pf_orc_diabolical, layout_caves, basic_altar, abandoned_shop

Skill      XL: |  1  2  3  4  5  6  7  8  9 10 11 12 13 14 |
---------------+-------------------------------------------+-----
Invocations    | 1 2 3 4 5 6 7 8 9 |  9.8
Long Blades    | 1 2 3 4 5 6 7 8 9 |  9.0
Axes           | 1 2 3 4 5 6 7 8 9 |  9.0
Maces & Flails | 1 2 3 4 5 6 7 8 9 |  9.0
Polearms       | 1 2 3 4 5 6 7 8 9 |  9.0
Staves         | 1 2 3 4 5 6 7 8 9 |  9.0
Slings         | 1 2 3 4 5 6 7 8 9 |  9.0
Bows           | 1 2 3 4 5 6 7 8 9 |  9.0
Crossbows      | 1 2 3 4 5 6 7 8 9 |  9.0
Throwing       | 1 2 3 4 5 6 7 8 9 |  9.0
Armour         | 1 2 3 4 5 6 7 8 9 |  9.0
Shields        | 1 2 3 4 5 6 7 8 9 |  9.0
Unarmed Combat | 1 2 3 4 5 6 7 8 9 |  9.0
Spellcasting   | 1 2 3 4 5 6 7 8 9 |  9.0
Conjurations   | 1 2 3 4 5 6 7 |  7.5
Hexes          | 1 2 3 4 5 6 7 |  7.5
Charms         | 1 2 3 4 5 6 7 |  7.5
Summonings     | 1 2 3 4 5 6 7 |  7.5
Necromancy     | 1 2 3 4 5 6 7 |  7.5
Translocations | 1 2 3 4 5 6 7 |  7.5
Transmutations | 1 2 3 4 5 6 7 |  7.5
Fire Magic     | 1 2 3 4 5 6 7 |  7.5
Ice Magic      | 1 2 3 4 5 6 7 |  7.5
Air Magic      | 1 2 3 4 5 6 7 |  7.5
Earth Magic    | 1 2 3 4 5 6 7 |  7.5
Poison Magic   | 1 2 3 4 5 6 7 |  7.5
Fighting       | 3 4 5 6 7 8 9 |  9.4
Short Blades   | 3 4 5 6 7 8 9 |  9.4
Stealth        | 3 4 5 6 7 8 9 |  9.3
Dodging        | 5 6 7 8 9 10 | 10.1
Evocations     | 7 8 9 10 11 | 11.0

Action                   |  1- 3 |  4- 6 |  7- 9 | 10-12 | 13-15 || total
-------------------------+-------+-------+-------+-------+-------++-------
Melee: Short sword       |    98 |   259 |   117 |       |       ||   474
       Bite              |     5 |    32 |    51 |    93 |    75 ||   256
       Dire flail        |       |       |   230 |   591 |       ||   821
       Mace              |       |       |       |   107 |   550 ||   657
       Headbutt          |       |       |       |       |   108 ||   108
Throw: Dart              |       |       |       |    15 |    82 ||    97
 Cast: Shroud of Golubri |       |       |       |     1 |     3 ||     4
       Infusion          |       |       |       |     1 |     1 ||     2
Invok: Disaster Area     |       |       |       |       |     1 ||     1
       Upheaval          |       |       |       |       |     3 ||     3
 Abil: Evoke Flight      |       |       |       |       |     1 ||     1
Evoke: Wand              |       |    12 |    32 |     7 |    60 ||   111
       Fan of gales      |       |       |       |       |     1 ||     1
  Use: Scroll            |       |     9 |     1 |     6 |     5 ||    21
       Potion            |       |     2 |     5 |     5 |     7 ||    19
 Stab: Sleeping          |    10 |     4 |       |       |       ||    14
       Confused          |       |       |     3 |       |       ||     3
       Paralysed         |       |       |     1 |       |       ||     1
  Eat: Chunk             |       |     4 |     7 |    18 |     1 ||    30
       Ration            |       |     1 |     2 |     2 |     6 ||    11
Armor: Leather armour    |    14 |    18 |       |       |       ||    32
       Chain mail        |       |    29 |   171 |   365 |   144 ||   709
       Skin              |       |       |     5 |       |       ||     5
Dodge: Dodged            |    59 |   133 |   146 |   407 |   288 ||  1033
       Deflected         |       |       |       |    10 |    19 ||    29
Block: Buckler           |     8 |    51 |    24 |    81 |   467 ||   631
       Other             |       |       |    32 |   148 |       ||   180
